[Event "Late-Titled-Tuesday-Blitz-April-02-2024"]
[Site "Chess.com"]
[Date "2024.04.02"]
[Round "9"]
[White "SultaiC"]
[Black "lcmil"]
[Result "0-1"]
[WhiteElo "2502"]
[BlackElo "2308"]
[TimeControl "180+1"]
[EndTime "15:39:38 PDT"]
[Termination "lcmil won by checkmate"]

1. e4 c5 2. Nf3 d6 3. d4 cxd4 4.
Nxd4 Nf6 5. Nc3 g6 6. Be3 Bg7 7. Be2 O-O 8. f3 Nc6 9. O-O Bd7 10. Qd2 Rc8 11. Rad1 Ne5 12. Bh6 Nc4 13. Qc1 Bxh6 14. Qxh6 Nxb2 15. Nd5 Nxd1 16. Nxf6+ exf6 17. Rxd1 Qb6 18. Kh1 Ba4 19. f4 Bxc2 20. Rd2 Qb1+ 21. Bd1 Bxd1 22. h4 Bh5+ 23. Kh2 Qxe4 24. Ne2 Bxe2 25. a4 Rc2 26. Rxc2 Qxc2 27. Qxf8+ Kxf8 28. f5 Bf3 29. Kg3 Qxg2+ 30. Kf4 Qg4+ 31. Ke3 Qe4+ 32. Kf2 Qe2+ 33.
Kg3 g5 34. hxg5 fxg5 35. Kh3 Qg2# 0-1

[Event "Late-Titled-Tuesday-Blitz-April-02-2024"]
[Site "Chess.com"]
[Date "2024.04.02"]
[Round "9"]
[White "microbear"]
[Black "kingandqueen2017"]
[Result "1-0"]
[WhiteElo "2386"]
[BlackElo "2462"]
[TimeControl "180+1"]
[EndTime "15:39:48 PDT"]
[Termination "microbear won by resignation"]

1. e4 c5 2. Nf3 d6 3. d4 cxd4 4. Nxd4 Nf6 5. Nc3 a6 6. h3 g6 7. g4 Bg7 8. Bg2 O-O 9. O-O Nc6 10. Be3 Ne5 11. b3 Qc7 12. Qd2 Rd8 13. f4 Nc6 14. g5 Nd7 15. Nd5 Qb8 16. Nxc6 bxc6 17. Nxe7+ Kf8 18. Nxc6 Qc7 19. Nxd8 Be5 1-0

[Event "Late-Titled-Tuesday-Blitz-April-02-2024"]
[Site "Chess.com"]
[Date "2024.04.02"]
[Round "9"]
[White "Laico"]
[Black "PawnEatingZombie"]
[Result "1-0"]
[WhiteElo "2399"]
[BlackElo "2187"]
[TimeControl "180+1"]
[EndTime "15:39:52 PDT"]
[Termination "Laico won by resignation"]

1. e4 c5 2. Nc3 Nc6 3. f4 g6 4. Nf3 Bg7 5. Bb5 Nd4 6. O-O a6 7. Bc4 e6 8. d3 Ne7 9. Nxd4 cxd4 10. Ne2 O-O 11. Ng3 d5 12. Bb3 dxe4 13. dxe4 b5 14.
a4 Bb7 15. Bd2 Qd7 16. f5 exf5 17. exf5 Nd5 18. Ne4 Rfc8 19. Qf3 Nf6 20. Nxf6+ Bxf6 21. Qg3 Rc6 22. fxg6 1-0

[Event "Late-Titled-Tuesday-Blitz-April-02-2024"]
[Site "Chess.com"]
[Date "2024.04.02"]
[Round "9"]
[White "DrKerfuffle"]
[Black "Sanan_Sjugirov"]
[Result "1/2-1/2"]
[WhiteElo "2803"]
[BlackElo "2960"]
[TimeControl "180+1"]
[EndTime "15:40:00 PDT"]
[Termination "Game drawn by repetition"]

1. e4 c5 2. Nf3 Nc6 3. Bb5 e6 4. Bxc6 bxc6 5. e5 f6 6. O-O Ne7 7. d4 Ng6 8. Nc3 cxd4 9. Qxd4 Qb6 10. Qe4 Bb7 11. Rd1 Be7 12. Be3 Qc7 13. exf6 Bxf6 14. Bc5 Qf4 15. Qxf4 Nxf4 16. Ne4 Ba6 17. Nd6+ Ke7 18.
Nb7+ Ke8 19. Nd6+ Ke7 20. Nb7+ Ke8 21. Nd6+ Ke7 1/2-1/2

[Event "Late-Titled-Tuesday-Blitz-April-02-2024"]
[Site "Chess.com"]
[Date "2024.04.02"]
[Round "9"]
[White "cedchass2006"]
[Black "Itay121"]
[Result "0-1"]
[WhiteElo "2423"]
[BlackElo "2561"]
[TimeControl "180+1"]
[EndTime "15:40:10 PDT"]
[Termination "Itay121 won by resignation"]

1. e4 Nf6 2. e5 Nd5 3. d4 d6 4. Bc4 e6 5. f4 dxe5 6. fxe5 Qh4+ 7. Kf1 Nc6 8. Nf3 Qh5 9. c3 Be7 10. Bxd5 exd5 11. Be3 O-O 12. Nbd2 f6 13. exf6 Bxf6 14. Kg1 Ne7 15. h3 Nf5 16. Bf2 Qg6 17. Kh2 Bd7 18.
Rf1 Rae8 19. Qb3 Bc6 20. Rae1 Kh8 21. Qc2 Ne3 22. Qxg6 Nxf1+ 23. Rxf1 hxg6 24. g4 Re2 25. Kg3 Be7 26. Nb3 Bd6+ 27. Kg2 Rxb2 28. Nh4 Kh7 29. Nc1 Bb5 0-1

[Event "Late-Titled-Tuesday-Blitz-April-02-2024"]
[Site "Chess.com"]
[Date "2024.04.02"]
[Round "9"]
[White "Romkachess"]
[Black "MikaelyanArman"]
[Result "0-1"]
[WhiteElo "2679"]
[BlackElo "2822"]
[TimeControl "180+1"]
[EndTime "15:40:35 PDT"]
[Termination "MikaelyanArman won by resignation"]

1. e4 c5 2. Nf3 b6 3. d4 cxd4 4. Nxd4 Bb7 5. Nc3 Nc6 6. Nxc6 Bxc6 7. Bd3 e6 8. Bf4 Nf6 9. O-O Bc5 10. Kh1 O-O 11. Qe2 d6 12. Rad1 Nd7 13. Bb5 Bxb5 14. Nxb5 e5 15. Be3 Qe7 16. Nc7 Rac8 17. Nd5 Qe6 18. c3 f5 19. exf5 Rxf5 20. Qg4 Rcf8 21.
Bxc5 Nxc5 22. Ne3 Rxf2 23. Rxf2 Rxf2 24. b4 Qxg4 25. Nxg4 Ne4 26. Re1 Rxa2 27. h4 Nxc3 28. Rc1 Ra3 29. h5 Rb3 30. h6 Rb1 31. Rxb1 Nxb1 32.
hxg7 Kxg7 0-1

[Event "Late-Titled-Tuesday-Blitz-April-02-2024"]
[Site "Chess.com"]
[Date "2024.04.02"]
[Round "9"]
[White "Hamisandwich"]
[Black "VD_coach"]
[Result "1-0"]
[WhiteElo "2719"]
[BlackElo "2586"]
[TimeControl "180+1"]
[EndTime "15:40:39 PDT"]
[Termination "Hamisandwich won by resignation"]

1. Nf3 Nf6 2. g3 g6 3. Bg2 Bg7 4. b3 O-O 5. Bb2 d6 6. d4 e5 7. dxe5 Ng4 8. c4 Nxe5 9. Nxe5 dxe5 10. Qxd8 Rxd8 11. Nc3 c6 12. Rd1 Rxd1+ 13. Kxd1 Bf5 14. Be4 Bxe4 15. Nxe4 Na6 16. Kc1 f5 17. Nd6 b6 18.
Rd1 Rd8 19. Nb7 Rxd1+ 20. Kxd1 c5 21. Nd8 Nb4 22. a3 Bf6 23. axb4 Bxd8 24. bxc5 e4 25. c6 Bc7 26. b4 a5 27. b5 Kf7 28. Bd4 Ke8 29.
c5 bxc5 30. Bxc5 1-0

[Event "Late-Titled-Tuesday-Blitz-April-02-2024"]
[Site "Chess.com"]
[Date "2024.04.02"]
[Round "9"]
[White "stasOR4ik"]
[Black "rasmussvane"]
[Result "0-1"]
[WhiteElo "2449"]
[BlackElo "2876"]
[TimeControl "180+1"]
[EndTime "15:40:49 PDT"]
[Termination "rasmussvane won by resignation"]

1. e4 c6 2. c4 d5 3. cxd5 cxd5 4. exd5 Nf6 5. Nc3 Nxd5 6. Bc4 Nb6 7. Bb3 Nc6 8. Nf3 g6 9. d4 Bg7 10. d5 Na5 11. Be3 O-O 12. O-O Bg4 13. h3 Bxf3 14.
Qxf3 Nbc4 15. Qe2 Rc8 16. Rac1 Nxe3 17. fxe3 a6 18. Kh1 Nxb3 19. axb3 Bxc3 20. bxc3 Qxd5 21. c4 Qe5 22. Rf4 Rc7 23. Rcf1 f6 24. Qf3 Rd8 25. Re4 Qc5 26. Rh4 Rcd7 27. Qg4 Qe5 28. e4 Rd3 29.
Rh6 a5 30. Qh4 Rd1 31. Kg1 Qd4+ 32. Qf2 Rxf1+ 33. Kxf1 Qa1+ 34. Ke2 Qb2+ 35. Kf3 Rd3+ 0-1

[Event "Late-Titled-Tuesday-Blitz-April-02-2024"]
[Site "Chess.com"]
[Date "2024.04.02"]
[Round "9"]
[White "fmcabralis"]
[Black "ritanovikova"]
[Result "1-0"]
[WhiteElo "2395"]
[BlackElo "2178"]
[TimeControl "180+1"]
[EndTime "15:40:51 PDT"]
[Termination "fmcabralis won on time"]

1. e4 e5 2. Nf3 Nf6 3. Nxe5 d6 4.
Nf3 Nxe4 5. d4 d5 6. Bd3 Bd6 7. O-O O-O 8. Re1 Re8 9. Nbd2 Nxd2 10. Rxe8+ Qxe8 11. Bxd2 Nd7 12. c3 Nf6 13. Qc2 Bg4 14.
Re1 Qd7 15. Ne5 Bxe5 16. dxe5 Ne4 17. Bf4 Bh5 18. f3 Nc5 19. Bxh7+ Kh8 20. Bf5 Qa4 21.
Qd2 c6 22. b4 Ne6 23. Bg3 Rd8 24. Bxe6 fxe6 25. Qg5 1-0

[Event "Late-Titled-Tuesday-Blitz-April-02-2024"]
[Site "Chess.com"]
[Date "2024.04.02"]
[Round "9"]
[White "FairChess_on_YouTube"]
[Black "GMKrikor"]
[Result "1-0"]
[WhiteElo "3048"]
[BlackElo "2872"]
[TimeControl "180+1"]
[EndTime "15:40:52 PDT"]
[Termination "FairChess_on_YouTube won on time"]

1. d4 Nf6 2. c4 g6 3. Nc3 d5 4. cxd5 Nxd5 5. e4 Nxc3 6. bxc3 Bg7 7. Be3 c5 8. Qd2 Qa5 9. Nf3 O-O 10. Rb1 b6 11. h4 Bb7 12. Bd3 Nc6 13. h5 cxd4 14. cxd4 Qxd2+ 15. Kxd2 Rfd8 16. d5 Ne5 17. Nxe5 Bxe5 18.
f4 Bg7 19. h6 Bh8 20. Rhc1 Rac8 21. g4 e6 22. g5 f6 23. Rxc8 Rxc8 24. dxe6 fxg5 25.
f5 1-0

[Event "Late-Titled-Tuesday-Blitz-April-02-2024"]
[Site "Chess.com"]
[Date "2024.04.02"]
[Round "9"]
[White "1mbl4"]
[Black "giomar27"]
[Result "1-0"]
[WhiteElo "2645"]
[BlackElo "2497"]
[TimeControl "180+1"]
[EndTime "15:40:57 PDT"]
[Termination "1mbl4 won by resignation"]

1. e4 e5 2. Nf3 Nc6 3. d4 exd4 4. Bc4 Nf6 5. O-O Nxe4 6. Re1 d5 7. Bxd5 Qxd5 8.
Nc3 Qh5 9. Nxe4 Be6 10. Bg5 Bd6 11. Nxd6+ cxd6 12. Nxd4 Qxg5 13. Nxe6 fxe6 14. Qxd6 e5 15. b4 Rd8 16. Qc5 Qe7 17. Qc4 Rd4 18. Qc3 Qxb4 19.
Qf3 Rf4 20. Qd5 Qe7 21. Rad1 Qf7 22. Qd6 Rf6 23. Rxe5+ 1-0

[Event "Late-Titled-Tuesday-Blitz-April-02-2024"]
[Site "Chess.com"]
[Date "2024.04.02"]
[Round "9"]
[White "KnightDuta"]
[Black "AlexandreHouhou"]
[Result "1-0"]
[WhiteElo "2723"]
[BlackElo "2363"]
[TimeControl "180+1"]
[EndTime "15:41:10 PDT"]
[Termination "KnightDuta won by checkmate"]

1. e4 e6 2. d4 d5 3. Nc3 Nf6 4. e5 Nfd7 5. f4 c5 6. Nf3 Nc6 7. Be3 cxd4 8. Nxd4 Bc5 9. Qd2 O-O 10. O-O-O a6 11. Kb1 Bxd4 12. Bxd4 b5 13. h4 b4 14. Ne2 a5 15. h5 Ba6 16. h6 g6 17.
g4 Qc7 18. Be3 Rfc8 19. Nd4 a4 20. Bxa6 Rxa6 21. Nb5 Qa5 22. Nd6 Rb8 23. Rhf1 b3 24. cxb3 axb3 25. a3 Qa4 26. Rc1 Nb4 27. f5 Nxe5 28.
fxe6 Rxd6 29. exf7+ Nxf7 30. Qd4 Nxh6 31. Bxh6 Rd7 32.
Qf6 Qa8 33. Qe6+ Kh8 34. Qxd7 Qb7 35. Qxb7 Rxb7 36. Rf8# 1-0

[Event "Late-Titled-Tuesday-Blitz-April-02-2024"]
[Site "Chess.com"]
[Date "2024.04.02"]
[Round "9"]
[White "rhwr"]
[Black "ploxoi"]
[Result "1-0"]
[WhiteElo "2301"]
[BlackElo "2440"]
[TimeControl "180+1"]
[EndTime "15:41:15 PDT"]
[Termination "rhwr won by resignation"]

1. e4 c6 2. d4 d5 3. Nc3 dxe4 4. Nxe4 Nf6 5. Nxf6+ exf6 6. Nf3 Bd6 7. Be2 O-O 8.
O-O Re8 9. h3 Nd7 10. c4 Nf8 11. Bd3 Be6 12. Qc2 Qc7 13. Rd1 Rad8 14. Be3 Bf4 15.
Bxf4 Qxf4 16. Qd2 Qc7 17. Rac1 Ng6 18. d5 Bd7 19. Bxg6 fxg6 20. d6 Qb6 21. c5 Qa6 22. b3 b6 23. b4 Qa4 24. Nd4 Rb8 25. Re1 bxc5 26. Rxe8+ Rxe8 27. bxc5 Re4 28. Nf3 Qb5 29. Qc2 Re2 30. Qb3+ Qxb3 31. axb3 Rb2 32. Nd4 Rd2 33.
Nf3 Rd3 34. b4 Rb3 35. Rc4 Kf7 36. Nd4 Rb1+ 37. Kh2 Ke8 38. Nc2 a6 39. Re4+ Kd8 40. Re7 Bf5 41. Nd4 Bd7 42. Rxg7 Rxb4 43. Rg8+ Be8 44.
Nxc6+ Kd7 45. Nxb4 1-0

[Event "Late-Titled-Tuesday-Blitz-April-02-2024"]
[Site "Chess.com"]
[Date "2024.04.02"]
[Round "9"]
[White "DraningWaterHi"]
[Black "Sesleria"]
[Result "0-1"]
[WhiteElo "2262"]
[BlackElo "2168"]
[TimeControl "180+1"]
[EndTime "15:41:17 PDT"]
[Termination "Sesleria won by resignation"]

1. d4 Nf6 2. c4 e6 3. Nf3 Bb4+ 4.
Nbd2 a5 5. a3 Bxd2+ 6. Bxd2 Ne4 7. Qc2 Nxd2 8. Qxd2 d5 9. e3 O-O 10. Bd3 dxc4 11. Bxc4 Nc6 12. O-O e5 13. d5 e4 14.
dxc6 exf3 15. Qxd8 Rxd8 16. gxf3 bxc6 17. Rfd1 Rd6 18.
e4 Rb8 19. e5 Rg6+ 20. Kf1 Bh3+ 21. Ke2 Rxb2+ 22. Ke3 Kf8 23. Rd8+ Ke7 24. Rad1 Rc2 25. Bd3 Rc3 26. Rh8 Bf5 27. Rxh7 Re6 28. f4 Bxh7 0-1

[Event "Late-Titled-Tuesday-Blitz-April-02-2024"]
[Site "Chess.com"]
[Date "2024.04.02"]
[Round "9"]
[White "kikoveiga"]
[Black "katharinareinecke"]
[Result "1-0"]
[WhiteElo "2458"]
[BlackElo "2019"]
[TimeControl "180+1"]
[EndTime "15:41:22 PDT"]
[Termination "kikoveiga won by checkmate"]

1. e4 c6 2. d4 d5 3. Nc3 b5 4. a3 dxe4 5. Nxe4 Bf5 6. Ng3 Bg6 7. Nf3 Nd7 8. h4 h6 9. h5 Bh7 10. Bd3 Bxd3 11. Qxd3 e6 12. Bd2 Ngf6 13. O-O-O Be7 14. Ne4 Nxe4 15. Qxe4 Rc8 16. Kb1 Nf6 17. Qe2 O-O 18.
g4 Nd5 19. Rdg1 Bg5 20. Nxg5 hxg5 21. Qe5 Nf4 22. Bxf4 gxf4 23. Qxf4 c5 24. g5 Qxd4 25. Qg3 b4 26. g6 f6 27. h6 f5 28. hxg7 Qxg7 29.
Rh7 Qf6 30. Rgh1 bxa3 31. Rh8+ Kg7 32. R1h7# 1-0

[Event "Late-Titled-Tuesday-Blitz-April-02-2024"]
[Site "Chess.com"]
[Date "2024.04.02"]
[Round "9"]
[White "tgpgoat"]
[Black "HajiyevKanan"]
[Result "1-0"]
[WhiteElo "2448"]
[BlackElo "2588"]
[TimeControl "180+1"]
[EndTime "15:41:23 PDT"]
[Termination "tgpgoat won by resignation"]

1. Nf3 d5 2. b3 Nf6 3. Bb2 g6 4. e3 Bg7 5. Be2 O-O 6. O-O c5 7. c4 b6 8. cxd5 Nxd5 9. Bxg7 Kxg7 10. Qc2 Bb7 11. Nc3 Nc6 12. Rfd1 f6 13. d4 cxd4 14. Nxd4 Nxd4 15. Rxd4 Qc7 16. Rc4 Qe5 17. Rd1 Rac8 18. Nxd5 Rxc4 19. bxc4 Rc8 20. Qd2 h5 21. Bf3 h4 22.
Qd4 Qxd4 23. Rxd4 e6 24. Nxb6 Rc7 25. Rd7+ Rxd7 26. Nxd7 Ba6 27. Be2 Kf7 28. Nc5 Bc8 29.
Bf3 Ke7 30. Bb7 Bxb7 31. Nxb7 Kd7 32. c5 Kc6 33. Nd8+ Kd5 34. c6 Kd6 35. f4 e5 36.
fxe5+ fxe5 37. Nf7+ Kxc6 38. Nxe5+ Kd5 39. Nxg6 h3 40.
gxh3 a5 41. h4 a4 42. h5 1-0

[Event "Late-Titled-Tuesday-Blitz-April-02-2024"]
[Site "Chess.com"]
[Date "2024.04.02"]
[Round "9"]
[White "giovannibrandao7"]
[Black "simaopdias"]
[Result "1-0"]
[WhiteElo "2191"]
[BlackElo "2299"]
[TimeControl "180+1"]
[EndTime "15:41:23 PDT"]
[Termination "giovannibrandao7 won by resignation"]

1. e4 c5 2. Nf3 g6 3. d4 cxd4 4.
Nxd4 Nc6 5. Nc3 Bg7 6. Be3 Nf6 7. Be2 Qa5 8. O-O O-O 9. h3 d6 10. Qd2 Nxd4 11. Bxd4 Bd7 12. a3 Bc6 13. Bf3 Rfd8 14. Rad1 Nd7 15. Nd5 Qxd2 16. Nxe7+ Kf8 17. Bxg7+ Kxe7 18.
Rxd2 f6 19. Bh6 g5 20. h4 gxh4 21. Bg4 Ne5 22. Bf5 Rg8 23. Kh2 Ng4+ 24. Bxg4 Rxg4 25. f3 Rg6 26. Bf4 Rd8 27. Rfd1 d5 28.
exd5 Bd7 29. Re1+ Kf7 30. Rde2 Re8 31. Rxe8 Bxe8 32. d6 Bc6 33. Re7+ Kf8 34. Rxh7 f5 35. d7 1-0

[Event "Late-Titled-Tuesday-Blitz-April-02-2024"]
[Site "Chess.com"]
[Date "2024.04.02"]
[Round "9"]
[White "Msb2"]
[Black "KaydenTroffChess"]
[Result "1-0"]
[WhiteElo "3038"]
[BlackElo "2857"]
[TimeControl "180+1"]
[EndTime "15:41:26 PDT"]
[Termination "Msb2 won by resignation"]

1. d4 Nf6 2. c4 c5 3. d5 b5 4.
cxb5 a6 5. bxa6 Bxa6 6. Nc3 g6 7. e4 Bxf1 8. Kxf1 d6 9. g3 Bg7 10. Kg2 O-O 11. Nf3 Nbd7 12. a4 Ra6 13. Qc2 Qa8 14. Re1 Rb8 15. Ra3 e6 16. dxe6 fxe6 17. Nb5 Qc6 18. Bf4 e5 19. Bg5 c4 20. Bxf6 Bxf6 21.
Rd1 Be7 22. Rc3 Nb6 23. b3 Rc8 24. Na3 Ra5 25. Nxc4 Rc5 26. Rc1 d5 27. Nxb6 Rxc3 28. Nxc8 Bb4 29. Qxc3 Qxc3 30. Rxc3 Bxc3 31. exd5 e4 32. Ng5 1-0

[Event "Late-Titled-Tuesday-Blitz-April-02-2024"]
[Site "Chess.com"]
[Date "2024.04.02"]
[Round "9"]
[White "slidingknight2775"]
[Black "Practical-Play"]
[Result "0-1"]
[WhiteElo "2589"]
[BlackElo "2523"]
[TimeControl "180+1"]
[EndTime "15:41:27 PDT"]
[Termination "Practical-Play won by resignation"]

1. e4 e5 2. Nc3 Nc6 3. Nf3 Nf6 4.
Bb5 Nd4 5. Nxe5 c6 6. Bd3 d5 7.
exd5 Bd6 8. O-O Bxe5 9. Re1 Ng4 10. f4 Qh4 11. h3 Qf2+ 12. Kh1 Qxf4 13. Rxe5+ Nxe5 14. Ne2 Nxd3 15. cxd3 Qe5 16. Nxd4 Qxd4 17. Qe2+ Kd8 18. Rb1 Re8 19. Qf1 Qxd5 20. b3 Bxh3 21. Bb2 f6 22. Kh2 Bd7 23. Bc3 Kc7 24. Rc1 Re7 25. Kh1 Rae8 26. Qf4+ Qd6 27. Qh4 g5 28. Qf2 Re2 29. Qf1 Qg3 30. Ba5+ Kb8 31. Bc3 Re1 32. Rxe1 Rxe1 33. Kg1 Rxf1+ 34. Kxf1 h5 0-1

[Event "Late-Titled-Tuesday-Blitz-April-02-2024"]
[Site "Chess.com"]
[Date "2024.04.02"]
[Round "9"]
[White "ImportedItalianMaple"]
[Black "ellennilssen"]
[Result "1-0"]
[WhiteElo "2527"]
[BlackElo "2352"]
[TimeControl "180+1"]
[EndTime "15:41:28 PDT"]
[Termination "ImportedItalianMaple won by resignation"]

1. e4 c6 2. d4 d5 3. e5 c5 4. dxc5 Bf5 5. Bb5+ Nd7 6. Qxd5 e6 7. Qxb7 Rb8 8.
Bxd7+ Ke7 9. Qxa7 Ra8 10. Qb7 Rb8 11. Qc6 Qxd7 12. Qd6+ Qxd6 13. cxd6+ Kd7 14. Nf3 Bxc2 15. Na3 Be4 16. Nc4 f6 17. Be3 Bd5 18. Nb6+ Kc6 19. Rc1+ Kb5 20. Nxd5 exd5 21. Nd4+ Ka6 22. Rc6+ Ka5 23.
Nb3+ Ka4 24. e6 Nh6 25. Bxh6 gxh6 26. O-O Rg8 27. e7 Bxe7 28. dxe7 Rbe8 29. Re1 Rg7 30. Rc7 Kb5 31. Nd4+ Kb6 32. Rc6+ Kb7 33. Rce6 h5 34. Nf5 1-0

[Event "Late-Titled-Tuesday-Blitz-April-02-2024"]
[Site "Chess.com"]
[Date "2024.04.02"]
[Round "9"]
[White "1g60-1"]
[Black "Manukyan_Artak"]
[Result "1/2-1/2"]
[WhiteElo "2402"]
[BlackElo "2512"]
[TimeControl "180+1"]
[EndTime "15:41:35 PDT"]
[Termination "Game drawn by repetition"]

1. e4 c6 2. Nf3 d5 3. Nc3 dxe4 4. Nxe4 Nf6 5. Qe2 Nxe4 6. Qxe4 Qd5 7. Qe3 Bf5 8. c4 Qe4 9. Be2 Nd7 10. O-O e5 11.
Qxe4 Bxe4 12. d3 Bg6 13. Nh4 O-O-O 14. Nxg6 hxg6 15. Be3 Bc5 16. a3 Kc7 17. Rfd1 f5 18. d4 Bxd4 19. Bxd4 exd4 20. Rxd4 Ne5 21. Rad1 Rxd4 22.
Rxd4 Rd8 23. Rxd8 Kxd8 24. f4 Nd7 25. Kf2 a5 26. Kg3 Ke7 27. b4 axb4 28. axb4 Kf6 29. Kf3 g5 30. fxg5+ Kxg5 31. Ke3 b6 32. Kd4 Kf6 33.
Bf3 Ne5 34. Be2 g5 35. b5 cxb5 36.
cxb5 Ke6 37. Bd1 Kd6 38. Bc2 Ke6 39. Bb3+ Kd6 40. Bc2 Ke6 41. Bb3+ Kd6 42. Bc2 1/2-1/2

[Event "Late-Titled-Tuesday-Blitz-April-02-2024"]
[Site "Chess.com"]
[Date "2024.04.02"]
[Round "9"]
[White "WindWhistler11"]
[Black "djano"]
[Result "0-1"]
[WhiteElo "2464"]
[BlackElo "2652"]
[TimeControl "180+1"]
[EndTime "15:41:38 PDT"]
[Termination "djano won by resignation"]

1. Nf3 g6 2. g3 Bg7 3. Bg2 Nf6 4. c4 O-O 5. Nc3 d6 6. O-O c5 7. a3 Nc6 8. Rb1 Bf5 9. d3 a5 10. e4 Bd7 11. h3 Nh5 12. Kh2 Kh8 13. Bg5 h6 14.
Be3 e5 15. Nh4 Nf4 16. Nd5 Nxg2 17. Kxg2 a4 18. Qe1 g5 19. Nf3 f5 20. exf5 Bxf5 21.
Qe2 e4 22. Ne1 exd3 23. Nxd3 Qe8 24. Rbd1 Qe4+ 25. f3 Qxc4 26. Nb6 Qa6 27. Nxa8 Rxa8 28. Qf2 Bxd3 29. Rfe1 Ne5 30. Bd2 Rf8 31. f4 Qc6+ 0-1

[Event "Late-Titled-Tuesday-Blitz-April-02-2024"]
[Site "Chess.com"]
[Date "2024.04.02"]
[Round "9"]
[White "FredddieCroderg"]
[Black "campochess"]
[Result "1-0"]
[WhiteElo "2396"]
[BlackElo "2187"]
[TimeControl "180+1"]
[EndTime "15:41:40 PDT"]
[Termination "FredddieCroderg won by resignation"]

1. d4 d5 2. c4 e6 3. Nc3 a6 4.
cxd5 exd5 5. Nf3 Be7 6. Bf4 Nf6 7. e3 Nbd7 8. Bd3 O-O 9. Qc2 c5 10. dxc5 Nxc5 11. Rd1 Nxd3+ 12. Qxd3 Bg4 13. h3 Bh5 14. Nxd5 Nxd5 15. Qxd5 Bb4+ 16. Ke2 Bxf3+ 17. Kxf3 Qf6 18. Qd4 Qc6+ 19. Kg3 Ba5 20. Kh2 Rad8 21. Qe5 Bb6 22. Rd6 Qc5 23. Rhd1 Qxe5 24. Bxe5 Rde8 25. Rxb6 Rxe5 26.
Rd7 h5 27. Rdxb7 Rf5 28. f3 Re8 29. Rb8 Rxb8 30. Rxb8+ Kh7 31. Rb6 Ra5 32. a3 g5 33.
h4 gxh4 34. Kh3 Kg7 35. Kxh4 f6 36. e4 Kg6 37. f4 Kg7 38. f5 Ra4 39. Rb4 Ra5 40.
Kxh5 Rc5 41. Rb7+ Kg8 42. Kg6 Kf8 43. Kxf6 Ke8 44. e5 1-0

[Event "Late-Titled-Tuesday-Blitz-April-02-2024"]
[Site "Chess.com"]
[Date "2024.04.02"]
[Round "9"]
[White "Hirna2005"]
[Black "BabageldiAnnaberdiyev"]
[Result "0-1"]
[WhiteElo "2349"]
[BlackElo "2593"]
[TimeControl "180+1"]
[EndTime "15:41:43 PDT"]
[Termination "BabageldiAnnaberdiyev won by resignation"]

1. e4 e6 2. d4 d5 3. e5 c5 4. c3 Nc6 5. Be3 cxd4 6. cxd4 Nge7 7. Nf3 Nf5 8. Nc3 Be7 9. Rc1 O-O 10. Bd3 h6 11.
O-O a6 12. Qd2 Nxe3 13. fxe3 f5 14. exf6 Bxf6 15. Bb1 Kf7 16. Na4 Ke7 17. Qc2 Qd6 18. Nb6 Rb8 19. Qb3 Na5 20. Nxc8+ Rfxc8 21. Qd3 Nc6 22. a3 e5 23. dxe5 Nxe5 24. Nxe5 Qxe5 25. b4 b5 26. Rc5 Rxc5 27. bxc5 Rc8 28. Rc1 Qb2 29. Re1 Rxc5 30. h3 Qc3 31. Qf1 Qe5 32. Bf5 Rc3 33. Qf3 Rxa3 34. Bg4 Rc3 35. e4 Rxf3 0-1

[Event "Late-Titled-Tuesday-Blitz-April-02-2024"]
[Site "Chess.com"]
[Date "2024.04.02"]
[Round "9"]
[White "Franmu14"]
[Black "Zkid"]
[Result "0-1"]
[WhiteElo "2684"]
[BlackElo "2847"]
[TimeControl "180+1"]
[EndTime "15:41:44 PDT"]
[Termination "Zkid won by resignation"]

1. e4 c5 2. Nc3 Nc6 3. Bb5 Nd4 4. Bd3 g6 5. Nf3 Bg7 6. b3 Nf6 7. Bb2 d6 8. Nxd4 cxd4 9. Ne2 e5 10. c3 dxc3 11.
dxc3 O-O 12. c4 Be6 13. O-O Nd7 14. Bc2 Nc5 15. Qd2 Qc7 16. Rac1 f5 17. exf5 gxf5 18. Nc3 e4 19. Nd5 Qf7 20. Bxg7 Qxg7 21. f4 Kh8 22.
Kh1 a5 23. Ne3 Rfd8 24. Rcd1 b6 25. h3 Ra7 26. g4 fxg4 27. hxg4 Bxg4 28. Nxg4 Qxg4 29.
Rg1 Qf3+ 30. Qg2 Qxf4 31. Qh3 Qf3+ 32. Qxf3 exf3 33. Rg3 Rf7 34. Rf1 f2 35. Kg2 Rdf8 36.
Rg4 Ne6 37. Be4 Nf4+ 38. Kg3 Nh5+ 39. Kg2 Nf6 40. Rh4 Rg8+ 41. Kh2 Ng4+ 42. Kh3 Nf6 43. Rxf2 Nxe4 44. Rxf7 Ng5+ 45. Kg4 Nxf7+ 46. Kf5 Rg6 47. Re4 Nh6+ 48. Kf4 Rg4+ 0-1

[Event "Late-Titled-Tuesday-Blitz-April-02-2024"]
[Site "Chess.com"]
[Date "2024.04.02"]
[Round "9"]
[White "AmanteDeMoi"]
[Black "TanitoluwaAps116"]
[Result "0-1"]
[WhiteElo "2608"]
[BlackElo "2792"]
[TimeControl "180+1"]
[EndTime "15:41:44 PDT"]
[Termination "TanitoluwaAps116 won on time"]

1. Nf3 Nf6 2. e3 d5 3. c4 e6 4.
b3 b6 5. Bb2 Bb7 6. Be2 Nbd7 7.
O-O Bd6 8. d3 O-O 9. Qc2 Qe7 10.
Nbd2 Rac8 11. Rfe1 c5 12. cxd5 exd5 13. e4 Rfe8 14. e5 Nxe5 15. Nxe5 Bxe5 16. Bf3 Qd6 17. Rxe5 Rxe5 18. Nc4 dxc4 19. Bxb7 Rce8 20. Bxe5 Qxe5 21. Rf1 c3 22. Bc6 Re6 23. Bf3 g5 24. h3 b5 25.
a3 a5 26. b4 axb4 27. axb4 cxb4 28. d4 Qxd4 29. Qf5 Qe5 30. Qd3 Kg7 31. Rb1 h5 32. Rxb4 c2 0-1

[Event "Late-Titled-Tuesday-Blitz-April-02-2024"]
[Site "Chess.com"]
[Date "2024.04.02"]
[Round "9"]
[White "RodokininEV"]
[Black "Caracal3000"]
[Result "1-0"]
[WhiteElo "2695"]
[BlackElo "2547"]
[TimeControl "180+1"]
[EndTime "15:41:46 PDT"]
[Termination "RodokininEV won by resignation"]

1. e4 e5 2. Nf3 Nc6 3. Bb5 a6 4. Ba4 Nf6 5. O-O b5 6. Bb3 Bc5 7. Re1 d6 8. c3 Bb6 9. a4 Rb8 10.
d4 O-O 11. Be3 h6 12. h3 Re8 13. Nbd2 Bb7 14. Bc2 exd4 15. cxd4 Nb4 16. e5 Nxc2 17. Qxc2 Nd5 18. a5 Ba7 19. Nb3 Nxe3 20. Rxe3 dxe5 21. Rxe5 Bxf3 22. Rxe8+ Qxe8 23. gxf3 Qd7 24. Kg2 Re8 25.
Rd1 Re6 26. Nc5 Rg6+ 27. Qxg6 Bxc5 28. Qe4 Bd6 29. d5 Qd8 30. f4 Qf6 31. Kf3 Qxb2 32.
Rd3 Qa1 33. Qe8+ Kh7 34. Qxf7 Qh1+ 35. Ke2 Qe4+ 36. Re3 Qc2+ 37. Kf3 Qd1+ 38. Kg2 Bxf4 1-0

[Event "Late-Titled-Tuesday-Blitz-April-02-2024"]
[Site "Chess.com"]
[Date "2024.04.02"]
[Round "9"]
[White "sacrifoice"]
[Black "Viktoker"]
[Result "1/2-1/2"]
[WhiteElo "2312"]
[BlackElo "2513"]
[TimeControl "180+1"]
[EndTime "15:41:51 PDT"]
[Termination "Game drawn by repetition"]

1. e4 c6 2. Nf3 d5 3. Nc3 dxe4 4.
Nxe4 Nf6 5. Qe2 Nxe4 6. Qxe4 Nd7 7. Bc4 Nf6 8. Ne5 e6 9. Qe2 b5 10. Bb3 Bd6 11. O-O O-O 12. f4 Qc7 13. Qd3 Bb7 14.
Qe2 a6 15. d3 c5 16. Bd2 a5 17. a4 bxa4 18. Bxa4 Nd5 19. Rae1 Rad8 20. Rf3 Nb6 21.
Rh3 Nxa4 22. Qh5 h6 23. Ng4 Bxf4 24. Nxh6+ Bxh6 25. Bxh6 Rd5 26. Bg5 f6 27. Qh7+ Kf7 28. Bxf6 Kxf6 29. Rh6+ Kf7 30. Qg6+ Kg8 31. Qh7+ Kf7 32.
Qg6+ Kg8 33. Qh7+ Kf7 1/2-1/2

[Event "Late-Titled-Tuesday-Blitz-April-02-2024"]
[Site "Chess.com"]
[Date "2024.04.02"]
[Round "9"]
[White "Kostukov_Alex"]
[Black "Bilan_Danila"]
[Result "0-1"]
[WhiteElo "2283"]
[BlackElo "2547"]
[TimeControl "180+1"]
[EndTime "15:41:51 PDT"]
[Termination "Bilan_Danila won on time"]

1. g3 d5 2. Bg2 Nf6 3. d3 c5 4. e4 Nc6 5. exd5 Nxd5 6. Nc3 Nxc3 7.
bxc3 g6 8. Ne2 Bg7 9. O-O O-O 10. Rb1 Qc7 11. c4 b6 12. Bb2 Bxb2 13. Rxb2 Bb7 14. Nc3 Nd4 15. Nb5 Nxb5 16. Rxb5 Bxg2 17. Kxg2 Rad8 18.
Re1 e5 19. Qe2 Rfe8 20. h4 f5 21. h5 Kg7 22. hxg6 hxg6 23. Qf3 Rd4 24. a4 e4 25.
Qe3 Qc6 26. Kg1 exd3 27. Qxe8 Qxe8 28. Rxe8 dxc2 0-1